 Dungeon Crawl Stone Soup version 0.28-a0-1152-g9c71ebef14 (webtiles) character file.

Game seed: 911555627967571059

2 spaghetti the Sneak (level 1, -2/18 HPs)
             Began as a Mummy Delver on Dec 14, 2021.
             Slain by an orc (5 damage)
             ... on level 5 of the Dungeon.
             The game lasted 00:00:19 (27 turns).

spaghetti the Sneak (Mummy Delver)                    Turns: 27, Time: 00:00:20

Health: -2/18      AC:  3    Str: 15    XL:     1   Next: 25%
Magic:  1/1        EV: 11    Int:  9    God:
Gold:   0          SH:  0    Dex: 13    Spells: 0/0 levels left

rFire   x . .      SeeInvis .   a - +0 falchion {long}
rCold   + . .      Faith    .   (no shield)
rNeg    + + +      Spirit   .   b - +0 leather armour
rPois   ∞          Reflect  .   (no helmet)
rElec   .          Harm     .   (no cloak)
rCorr   .          Rampage  .   (no gloves)
Will    .....                   (no boots)
Stlth   ++........              (no amulet)
HPRegen 0.06/turn               (no ring)
MPRegen 0.07/turn               (no ring)

@: no status effects
A: cold resistance 1, negative energy resistance 3, torment resistance 2, heat
vulnerability 1, no potions
a: no special abilities


You were on level 5 of the Dungeon.
You visited 1 branch of the dungeon, and saw 2 of its levels.


Innate Abilities, Weirdness & Mutations

You are immune to poison.
Your flesh is cold resistant. (rC+)
You are immune to negative energy. (rN+++)
You are immune to unholy pain and torment.
You are vulnerable to heat. (rF-)
You do not drink.


   Skills:
 + Level 3.1 Fighting
 - Level 1.5 Long Blades
 - Level 1.5 Dodging
 - Level 4.1 Stealth


You couldn't memorise any spells.
You didn't know any spells.
Your spell library was empty.

Inventory:

Hand Weapons
 a - a +0 falchion (weapon) {long}
Armour
 b - a +0 leather armour (worn)
Wands
 f - a wand of digging (3)
Scrolls
 c - a scroll of fog
 d - a scroll of magic mapping {!r}

Dungeon Overview and Level Annotations

Branches:
Dungeon (6/15)
 Temple: D:4-7

Altars:

..#.# #.#.#
#.#.##
########....+
#..........#
#..........#
#..........#
#[........o###
#.........@..#
#........#####
#........#
#........#
##########


You could see an orc.


Message History

🤖 Initializing magus.rc ...
Options error: Delay interrupt name "hungry" not recognised. (~/.crawlrc:4771) ✅ Successfully initialized magus.rc [v1.9.6] Welcome, spaghetti the Mummy Delver.
The heart of this dungeon contains the marvelous artefact, the Orb of Zot.
Press ? for a list of commands and other information.
Found a scroll labelled ISTRIAT ENWYT.
Found a stone staircase leading down.
g - a scroll labelled ISTRIAT ENWYT
As you read the scroll labelled ISTRIAT ENWYT, it crumbles to dust.
You hear a loud clanging noise!
It was a scroll of noise.
You hear a shout! x4
Unknown command.
An orc comes into view. It is wielding a +0 mace.
An orc is nearby!
An orc priest comes into view. It is wielding a +0 dagger.
The orc priest shouts!
The orc priest mumbles some strange prayers to Beogh against you.
Beogh smites you!
Ouch! That really hurt!
* * * LOW HITPOINT WARNING * * *
😱 HP[-16]
You take 16 damage, and now have 2/18 hp.
MASSIVE DAMAGE!! (PAUSE)
Okay, then.
As you read the scroll of fear, it crumbles to dust.
You assume a fearsome visage.
The orc looks frightened!
The orc priest looks frightened!
There is a stone staircase leading down here.
You climb downwards.
The orc shouts!
There is a stone staircase leading up here.
Unknown command.
Unknown command.
Unknown command.
You start resting.
An orc is nearby! 😱 HP[+1] Unknown command.
Unknown command.
Unknown command.
You can't drink.
Okay, then.
Okay, then.
You hit the orc.
You kill the orc! 2 orcs come into view.
The orc shouts! x3
There is a stone staircase leading up, spattered with blood here.
You see here a +0 club {mace}.
You climb upwards.
The orc misses you.
There is a stone staircase leading down here.
Unknown command.
You can't drink.
Okay, then.
You hit the orc. The orc closely misses you. x2
You hit the orc. The orc hits you with a +0 mace.
You die...

Action                   || total
-------------------------++-------
Melee: Falchion          ||     3
  Use: Scroll            ||     2
Dodge: Dodged            ||     3

Levels and vault maps discovered:
D:5:      layout_basic, mainiacjoe_overflow_concentric_impassable,
          uniq_eustachio
D:6:      layout_basic, kennysheep_little_box, nicolae_elemental_shop,
          uniq_pikel

Notes
Turn   | Place    | Note
-------+----------+-------------------------------------------
     0 | D:5      | spaghetti the Mummy Delver began the quest for the Orb.
     0 | D:5      | Reached XP level 1. HP: 18/18 MP: 1/1
     0 | D:5      | magus.rc [v1.9.6]
     7 | D:5      | Noticed an orc priest
     7 | D:5      | HP: 2/18 [orc priest/divine providence (16)]
    27 | D:5      | Slain by an orc

Vanquished Creatures
  An orc (D:6)
1 creature vanquished.

Table legend:
 A = Non-vault XP
 B = Vault XP
 C = Vault XP percentage of total XP
 D = Non-vault monster count
 E = Vault monster count
 F = Vault count percentage of total count
                 A         B        C        D         E       F
            +---------+---------+-------+---------+---------+-------
      Total |       3 |       0 |   0.0 |       1 |       0 |   0.0
            +---------+---------+-------+---------+---------+-------
        D:6 |       3 |       0 |   0.0 |       1 |       0 |   0.0
            +---------+---------+-------+---------+---------+-------

Illustrated notes

Table legend:
 A = Kills in this place as a percentage of kills in entire the game.
 B = Kills by you in this place as a percentage of kills by you in the entire game.
 C = Kills by friends in this place as a percentage of kills by friends in the entire game.
 D = Other kills in this place as a percentage of other kills in the entire game.
 E = Experience gained in this place as a percentage of experience gained in the entire game.
 F = Experience gained in this place divided by the number of levels of this place that you have seen.
                   A       B       C       D       E      F
               +-------+-------+-------+-------+-------+----------------------
         Total | 100.0 | 100.0 |   N/A |   N/A | 100.0 |   1.5
       Dungeon | 100.0 | 100.0 |   N/A |   N/A | 100.0 |   1.5
               +-------+-------+-------+-------+-------+----------------------

Table legend: (Time is in decaauts)
 A = Elapsed time spent in this place.
 B = Non-inter-level travel time spent in this place.
 C = Inter-level travel time spent in this place.
 D = Time resting spent in this place.
 E = Time spent auto-exploring this place.
 F = Levels seen in this place.
 G = Mean time per level.
                   A        B        C        D        E       F      G
               +--------+--------+--------+--------+--------+-----+--------+
         Total |     27 |     27 |      0 |      8 |      3 |   2 |   13.5 |
       Dungeon |     27 |     27 |      0 |      8 |      3 |   2 |   13.5 |
               +--------+--------+--------+--------+--------+-----+--------+

Top non-repeatable levels by time:
     D:5: 15 daAuts
     D:6: 12 daAuts
